Map: Ruinas de Endión

Players

Votoloko

  • Race: Terran Terran

xXkazperXx

  • Race: Zerg Zerg
  • League: Bronze

VOD

Have the link to the VOD?

Description

Time

  • Played on: April 9, 2016, 7:50 p.m.
  • Length: 4:40
Show
View Real Time Build Order
Export as new Build Order

Votoloko Terran 

Build Orders:  

Get SALT Encoding   

  12  0:03  SCV  
  13  0:15  SCV  
  13  0:18  Refinery  
  14  0:38  Supply Depot  
  14  0:43  SCV  
  15  1:00  SCV  
  16  1:04  Barracks  
  16  1:17  SCV  
  17  1:36  Engineering Bay  
  17  1:53  Reaper, Supply Depot  
  18  2:03  Refinery  
  18  2:05  Orbital Command  
  18  2:25  Reaper  
  19  2:32  Barracks  
  19  2:58  Reaper  
  18  4:03  Bunker  
  18  4:06  Reaper x2  
  20  4:34  Barracks  
Show
View Real Time Build Order
Export as new Build Order

xXkazperXx Zerg 

Build Orders: Pool First 

Get SALT Encoding   

  12  0:01  Drone  
  13  0:09  Drone  
  14  0:18  Overlord  
  14  0:31  Extractor  
  13  0:38  Spawning Pool  
  13  0:40  Drone  
  13  0:44  Drone  
  13  0:48  Drone  
  15  0:54  Drone  
  16  1:08  Drone  
  17  1:24  Queen  
  19  1:28  Zergling x4  
  21  1:37  Drone  
  22  1:42  Roach Warren  
  22  1:45  Drone  
  22  2:05  Overlord  
  22  2:23  Extractor  
  21  2:31  Roach x3  
  21  2:34  Roach  
  21  2:37  Overlord  
  29  2:43  Drone  
  30  3:19  Roach x3  
  36  3:56  Drone x2  
  36  3:58  Overlord  
  38  4:16  Roach x2  
  42  4:18  Roach  
  44  4:30  Hatchery  
Tags
 
Add a new tag
Caveats
  • Supply blocks, unpowered buildings, or Contaminate may cause inaccurate times.
  • Supply counts are checked every 10 seconds.